 Dungeon Crawl Stone Soup version 0.28-a0-108-g844de0d849 (webtiles) character file.

Game seed: 3078658963771605314

394 vbjds the Digger (level 6, -1/32 HPs)
             Began as a Gargoyle Earth Elementalist on Aug 12, 2021.
             Killed by divine providence
             ... invoked by an orc priest
              (13 damage)
             ... on level 4 of the Dungeon.
             The game lasted 00:10:44 (4798 turns).

vbjds the Digger (Gargoyle Earth Elementalist)      Turns: 4798, Time: 00:10:45

Health: -1/32      AC:  9    Str: 12    XL:     6   Next: 81%
Magic:  10/12      EV: 11    Int: 25    God:
Gold:   785        SH:  0    Dex: 10    Spells: 9/13 levels left

rFire   . . .      SeeInvis .   g - +1 quarterstaff
rCold   . . .      Faith    .   (shield currently unavailable)
rNeg    + . .      Spirit   .   b - +1 robe
rPois   ∞          Reflect  .   (helmet restricted)
rElec   +          Harm     .   (no cloak)
rCorr   .          Rampage  .   (no gloves)
Will    .....                   (no boots)
Stlth   ++........              (no amulet)
HPRegen 0.10/turn               k - +6 ring of intelligence
MPRegen 0.13/turn               (no ring)

@: no status effects
A: sickness immunity, AC +4, negative energy resistance 1, electricity
resistance, torment resistance 1, petrification resistance, antennae 1,
iridescent scales 1, clever 1, MP-powered wands
a: no special abilities


You were on level 4 of the Dungeon.
You visited 2 branches of the dungeon, and saw 5 of its levels.

You collected 785 gold pieces.

Inventory:

Hand Weapons
 a - a +0 dagger
 f - a +0 flail
 g - a +1 quarterstaff (weapon)
Missiles
 c - 121 stones
Armour
 b - a +1 robe (worn)
Jewellery
 k - a +6 ring of intelligence (left hand)
 p - a ring of ice
Wands
 n - a wand of flame (17)
Scrolls
 i - a scroll of torment
 m - a scroll of amnesia
Potions
 d - a potion of berserk rage
 e - 2 potions of heal wounds
 h - a potion of invisibility {unknown}
 j - a potion of might {unknown}
 l - a potion of curing {unknown}
 o - a potion of mutation


   Skills:
 - Level 1.5 Dodging
 - Level 2.1 Stealth
 + Level 4.1 Spellcasting
 + Level 3.6 Conjurations
 - Level 0.7 Transmutations
 + Level 6.1 Earth Magic


You had 9 spell levels left.
You knew the following spells:

 Your Spells              Type           Power      Damage    Failure   Level
a - Sandblast             Erth           70%        2d15      1%          1
b - Stone Arrow           Conj/Erth      58%        3d10      3%          3

Your spell library contained the following spells:

 Spells                   Type           Power      Damage    Failure   Level
 Passwall                 Tmut/Erth      18%        N/A       3%          2
 Petrify                  Tmut/Erth      22%        N/A       22%         4


Dungeon Overview and Level Annotations

Branches:
Dungeon (4/15)             Temple (1/1) D:4

Altars:
Cheibriados
Dithmenos
Elyvilon
Fedhas
Gozag
Hepliaklqana
Kikubaaqudgha
Makhleb
Nemelex Xobeh
Okawaru
Ru
Trog
Uskayaw
Xom
Yredelemnul
The Shining One


Innate Abilities, Weirdness & Mutations

You are immune to sickness and miasma.
Your stone body is resilient. (AC +4)
You are immune to poison.
You resist negative energy. (rN+)
You are resistant to electric shocks. (rElec)
You are resistant to unholy torment.
You are immune to petrification.
You have a pair of small antennae on your head.
You are partially covered in iridescent scales. (AC +2)
Your mind is acute. (Int +2)
You expend magic power (3 MP) to strengthen your wands.


Message History

a +0 flail; an orc corpse You see here a +0 short sword.
Magic restored.
You hear the brisk rusting of a very distant drain.
You hear the brisk rusting of a very distant drain.
You hear the quick rusting of a very distant drain.
You hear the quick rusting of a very distant drain.
Found 19 arrows.
You hear the rapid rusting of a very distant drain. 2 orc priests and an orc wizard come into view.
The orc wizard shouts!
An orc priest comes into view. It is wielding a +0 club.
An orc comes into view. It is wielding a +0 falchion.
The orc priest calls down the wrath of Beogh upon you.
Pain shoots through your body!
The orc priest shouts!
The orc shouts!
The orc priest calls down the wrath of Beogh upon you.
Beogh smites you!
The orc priest shouts!
Casting: Sandblast (safe; 1% risk of failure)
Confirm with . or Enter, or press ? or * to list all spells.
Aiming: Sandblast (safe; 1% risk of failure)
Press: ? - help, Shift-Dir - straight line, f - orc priest
Aim: an orc priest, wielding a +0 hand axe (82% to hit)
The blast of sand hits the orc priest!
The orc priest is heavily wounded.
The orc priest closely misses you.
Unknown command.
Unknown command.
Casting: Sandblast (safe; 1% risk of failure)
Confirm with . or Enter, or press ? or * to list all spells.
Aiming: Sandblast (safe; 1% risk of failure)
Press: ? - help, Shift-Dir - straight line, f/p - orc priest
Aim: an orc priest, wielding a +0 hand axe (heavily wounded, 82% to hit)
The blast of sand hits the orc priest!
You kill the orc priest!
The orc priest mumbles some strange prayers to Beogh against you.
Beogh smites you!
You die...

#.# #.# #.#
#.#
########.#
#........#
########.#
#.# #
#.###.#####
#..@o.ooo.#
###########


You could see 2 orc priests, an orc wizard and an orc.

Vanquished Creatures
  Grinder (D:3)
  2 orc priests
  An iguana (D:4)
  Robin (D:3)
  2 adders
  2 worms (D:2)
  3 dart slugs (D:2)
  7 orcs
  6 endoplasms
  3 giant cockroaches
  7 hobgoblins
  8 jackals (D:1)
  A kobold (D:1)
  4 quokkas
  11 ball pythons
  8 bats
  12 goblins
  12 rats
  A bush (D:1)
92 creatures vanquished.

Vanquished Creatures (others)
  2 plants (D:1)
2 creatures vanquished.

Grand Total: 94 creatures vanquished

Notes
Turn   | Place    | Note
-------+----------+-------------------------------------------
     0 | D:1      | vbjds the Gargoyle Earth Elementalist began the quest for
                  | the Orb.
     0 | D:1      | Reached XP level 1. HP: 10/10 MP: 3/3
   132 | D:1      | Reached XP level 2. HP: 8/15 MP: 0/5
   136 | D:1      | Reached skill level 4 in Earth Magic
   698 | D:1      | Reached XP level 3. HP: 19/19 MP: 6/6
   702 | D:1      | Learned a level 3 spell: Stone Arrow
  1155 | D:1      | Found a faded altar of an unknown god.
  1858 | D:2      | Found an opulent altar of Gozag.
  1925 | D:2      | Reached skill level 1 in Conjurations
  1925 | D:2      | Reached XP level 4. HP: 15/24 MP: 8/8
  2971 | D:3      | Gained mutation: Your body sometimes deteriorates upon
                  | taking damage. [potion of mutation]
  2971 | D:3      | Gained mutation: You expend magic power (3 MP) to
                  | strengthen your wands. [potion of mutation]
  2974 | D:3      | Noticed Grinder
  2974 | D:3      | Paralysed by Grinder for 3 turns
  2986 | D:3      | Killed Grinder
  2987 | D:3      | Reached skill level 5 in Earth Magic
  2987 | D:3      | Reached XP level 5. HP: 25/28 MP: 1/10
  2987 | D:3      | Reached XP level 6. HP: 28/32 MP: 1/11
  3168 | D:3      | Lost mutation: Your body sometimes deteriorates upon taking
                  | damage. [potion of mutation]
  3168 | D:3      | Gained mutation: Your mind is acute. (Int +2) [potion of
                  | mutation]
  3168 | D:3      | Gained mutation: You are partially covered in iridescent
                  | scales. (AC +2) [potion of mutation]
  3168 | D:3      | Gained mutation: You have a pair of small antennae on your
                  | head. [potion of mutation]
  3812 | D:3      | Noticed Robin
  3821 | D:3      | Killed Robin
  3836 | D:3      | Identified a scroll of acquirement
  3836 | D:3      | Acquired 657 gold pieces
  4020 | D:3      | Reached skill level 6 in Earth Magic
  4136 | D:3      | Found a hide-covered altar of Uskayaw.
  4264 | D:4      | Found a staircase to the Ecumenical Temple.
  4287 | Temple   | Entered the Ecumenical Temple
  4798 | D:4      | Killed from afar by an orc priest

Illustrated notes

Levels and vault maps discovered:
D:1:      lightli_arrival_chessboard, layout_rooms,
          hellmonk_ecumenical_altar_lost_god, serial_forest,
          infiniplex_forest_lined_3, infiniplex_forest_straight_2,
          infiniplex_forest_corner_1, infiniplex_forest_end_2,
          infiniplex_forest_end_double, infiniplex_forest_zigzag_2,
          infiniplex_forest_end_3
D:2:      layout_basic, basic_altar, minmay_misc_feat_hallway
D:3:      layout_loops_ring, lemuel_coloured_pillars_altar, uniq_robin,
          uniq_grinder
D:4:      layout_basic, minmay_temple_entry_glass, gup_sewer_entry_spiral
Temple:   regret_index_temple_waves

Skill      XL: |  1  2  3  4  5  6 |
---------------+-------------------+-----
Earth Magic    | 4 5 6 |  6.1
Conjurations   | 1 3 |  3.6
Spellcasting   | 3 4 |  4.1
Dodging        | |  1.5
Stealth        | |  2.1
Transmutations | |  0.7

Action                   |  1- 3 |  4- 6 || total
-------------------------+-------+-------++-------
Melee: Unarmed           |    41 |       ||    41
       Quarterstaff      |   146 |   138 ||   284
       Dagger            |     5 |       ||     5
 Cast: Sandblast         |    26 |    30 ||    56
       Stone Arrow       |       |     4 ||     4
Evoke: Wand              |       |     5 ||     5
  Use: Scroll            |       |    12 ||    12
       Potion            |       |     3 ||     3
 Stab: Sleeping          |     1 |     6 ||     7
Armor: Robe              |    49 |    92 ||   141
Dodge: Dodged            |   116 |    99 ||   215

Table legend: (Time is in decaauts)
 A = Elapsed time spent in this place.
 B = Non-inter-level travel time spent in this place.
 C = Inter-level travel time spent in this place.
 D = Time resting spent in this place.
 E = Time spent auto-exploring this place.
 F = Levels seen in this place.
 G = Mean time per level.
                   A        B        C        D        E       F      G
               +--------+--------+--------+--------+--------+-----+--------+
         Total |   4882 |   4709 |    173 |    165 |   3627 |   5 |  976.4 |
       Dungeon |   4739 |   4636 |    103 |    165 |   3555 |   4 | 1184.8 |
        Temple |    142 |     72 |     70 |      0 |     72 |   1 |  142.0 |
               +--------+--------+--------+--------+--------+-----+--------+

Top non-repeatable levels by time:
     D:1: 1847 daAuts
     D:2: 1268 daAuts
     D:3: 1191 daAuts
     D:4: 431 daAuts
  Temple: 142 daAuts
